 Dungeon Crawl Stone Soup version 0.19-a0-1738-gbb2db12 (webtiles) character file.

32 Naow the Chopper (level 3, -1/49 HPs)
             Began as a Minotaur Berserker on Oct 1, 2016.
             Was a Follower of Trog.
             Slain by Sigmund
             ... wielding a +0 scythe
              (9 damage)
             ... on level 2 of the Dungeon.
             The game lasted 00:02:12 (958 turns).

Naow the Chopper (Minotaur Berserker)                Turns: 958, Time: 00:02:12

Health: -1/49      AC:  2    Str: 26    XL:     3   Next: 8%
Magic:  2/2        EV: 12    Int:  5    God:    Trog [*.....]
Gold:   53         SH:  0    Dex:  9    Spells: 0 memorised, 2 levels left

rFire  . . .     SeeInvis .     a - +0 hand axe
rCold  . . .     Gourm    .     b - +0 animal skin
rNeg   . . .     Faith    .     (no shield)
rPois  .         Spirit   .     (helmet restricted)
rElec  .         Dismiss  .     (no cloak)
rCorr  .         Reflect  .     (no gloves)
MR     .....     Harm     .     (no boots)
Stlth  ..........               (no amulet)
                                (no ring)
                                (no ring)

@: berserking, very quick
A: retaliatory headbutt, horns 2
a: Berserk, Burn Spellbooks, Renounce Religion


You were on level 2 of the Dungeon.
You worshipped Trog.
Trog was aware of your devotion.
You were hungry.

You visited 1 branch of the dungeon, and saw 2 of its levels.

You collected 53 gold pieces.

Inventory:

Hand Weapons
 a - a +0 hand axe (weapon)
Armour
 b - a +0 animal skin (worn)
 j - a +0 cloak
Jewellery
 d - an uncursed ring of ice {unknown}
 e - a cursed -4 ring of dexterity {unknown}
 l - an uncursed amulet of guardian spirit {unknown}
Scrolls
 h - a scroll of teleportation {unknown}
 o - a scroll of amnesia {unknown}
 p - 2 scrolls of enchant weapon {unknown}
 q - a scroll of fear {unknown}
 s - a scroll of identify {unknown}
 u - a scroll of remove curse {unknown}
Potions
 g - a potion of flight {unknown}
 i - 2 potions of haste {unknown}
 n - 2 potions of curing {unknown}
 t - a potion of might {unknown}
Books
 v - a book of Misfortune

   Spells                             Type                      Level
   a - Confusing Touch                Hexes                        1
   b - Confuse                        Hexes                        3
   c - Gell's Gravitas                Hexes/Translocation          3
   d - Petrify                        Transmutation/Earth          4
   e - Metabolic Englaciation         Hexes/Ice                    5
   f - Yara's Violent Unravelling     Hexes/Transmutation          5
   Trog disapproves of the use of such an item.
Comestibles
 c - a bread ration
 f - a chunk of flesh
 k - 2 slices of pizza
 m - a beef jerky
 r - a meat ration


   Skills:
 - Level 3.9 Fighting
 + Level 5.0 Axes
 - Level 2.4 Armour
 - Level 2.1 Dodging


You had 2 spell levels left.
You didn't know any spells.

Dungeon Overview and Level Annotations

Branches:
Dungeon (2/15)

Altars:

Annotations:
D:2 Sigmund


Innate Abilities, Weirdness & Mutations

You reflexively headbutt those who attack you in melee.
You have a pair of horns on your head.


Message History

Something hits you!
You barely miss something. Your headbutt misses something. You slash something!
Something hits you but does no damage.
You barely miss something. You headbutt something. Something hits you.
You closely miss something. Something completely misses you.
You barely miss something.
Your skin stops crawling.
You feel less resistant to hostile enchantments.
You hit something. Something hits you.
You barely miss something.
You hear some strange, mumbled words.
A puff of flame appears from out of thin air!
The puff of flame hits you!
* * * LOW HITPOINT WARNING * * *
Some of the chunks of flesh in your inventory have rotted away.
A red film seems to cover your vision as you go berserk!
You feel yourself moving faster!
You feel mighty!
You are feeling hungry.
Something hits you!
You die...

# # ? # .. # ... # ..
#.# # #.###### .. #
#...{..+ #.# # #####@#
..# # #.....# #.# #
#.###.# ######.###
###.# #.# ..........
+.#.###.## .#.....##
#.#......# #......#
#.#...#..# #......#
#.#.#.#..# #......#
##########.#.#.#..#####
#......#


There were no monsters in sight!

Vanquished Creatures
  A leopard gecko (D:1)
  3 bats (D:1)
  A giant cockroach (D:2)
  4 hobgoblins
  7 jackals
  2 ball pythons
  A frilled lizard (D:1)
  A goblin (D:1)
  5 kobolds
  3 rats (D:1)
28 creatures vanquished.

Notes
Turn   | Place    | Note
-------+----------+-------------------------------------------
     0 | D:1      | Naow the Minotaur Berserker began the quest for the Orb.
     0 | D:1      | Reached XP level 1. HP: 19/19 MP: 0/0
     6 | D:1      | Noticed a black mamba
     6 | D:1      | Noticed a wolf
     7 | D:1      | Noticed a worker ant
     7 | D:1      | Noticed a five-headed hydra
    72 | D:1      | Reached skill level 4 in Axes
   127 | D:1      | Reached XP level 2. HP: 27/27 MP: 1/1
   757 | D:2      | Reached XP level 3. HP: 32/33 MP: 2/2
   873 | D:2      | Reached ** piety under Trog
   896 | D:2      | Reached skill level 5 in Axes
   940 | D:2      | Noticed Sigmund
   958 | D:2      | Slain by Sigmund

Vault maps used:
D:1:      onia_arrival_zoo_common
D:2:      first_bread, serial_bayou_pond_b, uniq_sigmund

Skill      XL: |  1  2  3 |
---------------+----------+-----
Axes           | 4 5 |  5.0
Fighting       | |  3.9
Armour         | |  2.4
Dodging        | |  2.1

Action                   || total
-------------------------++-------
Melee: Hand axe          ||    49
       Headbutt          ||     5
Invok: Berserk           ||     1
       Trog's Hand       ||     1
Armor: Animal skin       ||    12
Dodge: Dodged            ||    43
